 Dungeon Crawl Stone Soup version 0.25-a0-1130-g3926558f3a (webtiles) character file.

Game seed: 6413658772121568943, levelgen mode: deterministic

77 Flugslaktarn the Shield-Bearer (level 4, -3/42 HPs)
             Began as a Deep Dwarf Fighter on May 19, 2020.
             Slain by an ogre
             ... wielding a +0 giant club
              (20 damage)
             ... on level 4 of the Dungeon.
             The game lasted 00:01:34 (350 turns).

Flugslaktarn the Shield-Bearer (Deep Dwarf Fighter)  Turns: 350, Time: 00:01:34

Health: -3/42      AC:  7    Str: 20    XL:     4   Next: 14%
Magic:  3/3        EV:  7    Int:  9    God:
Gold:   39         SH:  9    Dex: 12    Spells: 3/3 levels left

rFire    . . .     SeeInvis .   a - +0 war axe
rCold    . . .     Gourm    .   c - +0 kite shield
rNeg     . . .     Faith    .   b - +0 scale mail
rPois    .         Spirit   .   (no helmet)
rElec    .         Reflect  .   (no cloak)
rCorr    .         Harm     .   (no gloves)
MR       .....                  (no boots)
Stlth    ..........             (no amulet)
HPRegen  0.00/turn              (no ring)
MPRegen  0.08/turn              (no ring)

@: non-regenerating
A: damage resistance, heal wounds, sense surroundings 1, no regeneration
a: Heal Wounds


You were on level 4 of the Dungeon.
You were not hungry.

You visited 1 branch of the dungeon, and saw 4 of its levels.

You collected 39 gold pieces.

Inventory:

Hand Weapons
 a - a +0 war axe (weapon)
Armour
 b - a +0 scale mail (worn)
 c - a +0 kite shield (worn)
Scrolls
 f - a scroll of random uselessness {unknown}
 h - a scroll of remove curse {unknown}
 l - a scroll of identify {unknown}
Potions
 d - a potion of might
 g - 2 potions of degeneration {unknown}
 i - a potion of lignification {unknown}
 k - a potion of stabbing {unknown}
Comestibles
 e - a ration
 j - a chunk of flesh


   Skills:
 + Level 3.1 Fighting
 * Level 3.5 Axes
 + Level 3.8 Armour
 + Level 3.8 Shields


You had 3 spell levels left.
You didn't know any spells.
Your spell library was empty.

Dungeon Overview and Level Annotations

Branches:
Dungeon (4/15)
 Temple: D:4-7

Altars:


Innate Abilities, Weirdness & Mutations

You are resistant to damage.
You can heal yourself by infusing magical energy.
You passively map a small area around you.
You do not regenerate.


Message History

The quokka bites you but does no damage.
You hit the quokka.
You kill the quokka!
No target in view!
You now have 39 gold pieces (gained 9).
You open the door.
There is an open door here.
An ogre comes into view. It is wielding a +0 giant club.
The ogre shouts!
Found a cabochon ring.
An orc priest comes into view. It is wielding a +0 war axe.
A frilled lizard comes into view.
The frilled lizard hisses angrily.
The orc priest shouts!
You hear a shout!
The ogre hits you with a +0 giant club!
The orc priest mumbles some strange prayers to Beogh against you.
Beogh smites you!
Your shield and scale mail prevent you from hitting the ogre.
An orc comes into view. It is wielding a +0 hand axe.
The ogre hits you with a +0 giant club!!
You die...

* , , ..# ....# , ,
....# , , , ....# , ,. ,
, ...###### ... *
#+#*#.......#
....########.###.......#
,
o.o=...........'.......+
#.l...O@...#.###.......#
* #..........#.#
#.......# +..........+.#
#.......# *
*#..........#.#
#.......# *
#..........#..*###......
* #############.*
#...... * , , *. *
#...... , , #...... ,
#......


You could see an ogre, an orc priest, an orc and a frilled lizard.

Vanquished Creatures
  A scorpion (D:4)
  An adder (D:3)
  A dart slug (D:2)
  A leopard gecko (D:4)
  3 orcs (D:3)
  A giant cockroach (D:4)
  3 hobgoblins
  3 quokkas
  A rat (D:2)
15 creatures vanquished.

Notes
Turn   | Place    | Note
-------+----------+-------------------------------------------
     0 | D:1      | Flugslaktarn the Deep Dwarf Fighter began the quest for the
                  | Orb.
     0 | D:1      | Reached XP level 1. HP: 20/20 MP: 1/1
   142 | D:1      | You fall into a shaft and drop 1 floor!
   256 | D:3      | Reached XP level 2. HP: 18/27 MP: 0/2
   310 | D:4      | Noticed a scorpion
   315 | D:4      | Reached XP level 3. HP: 14/33 MP: 3/3
   321 | D:4      | Killed a scorpion
   321 | D:4      | Reached XP level 4. HP: 42/42 MP: 3/3
   346 | D:4      | Noticed an ogre
   350 | D:4      | Slain by an ogre

Illustrated notes

Levels and vault maps discovered:
D:1:      elethiomel_arrival_infinity_welcomes_careful_drivers, layout_basic,
          chequers_arboretum
D:2:      layout_basic, nicolae_overflow_crystal_walls,
          chequers_serial_rivers_micro_a
D:3:      layout_loops_ring, lemuel_doored_altar
D:4:      layout_basic, first_ration

Skill      XL: |  1  2  3 |
---------------+----------+-----
Axes           | 3 |  3.5
Fighting       | 3 |  3.1
Armour         | |  3.8
Shields        | |  3.8

Action                   |  1- 3 |  4- 6 || total
-------------------------+-------+-------++-------
Melee: War axe           |    44 |     3 ||    47
 Abil: Heal Wounds       |     2 |       ||     2
Armor: Scale mail        |    32 |     1 ||    33
Dodge: Dodged            |    19 |       ||    19
Block: Kite shield       |    45 |     2 ||    47

Table legend:
 A = Non-vault XP
 B = Vault XP
 C = Vault XP percentage of total XP
 D = Non-vault monster count
 E = Vault monster count
 F = Vault count percentage of total count
                 A         B        C        D         E       F
            +---------+---------+-------+---------+---------+-------
      Total |     111 |       0 |   0.0 |      15 |       0 |   0.0
            +---------+---------+-------+---------+---------+-------
        D:1 |       2 |       0 |   0.0 |       1 |       0 |   0.0
        D:2 |       7 |       0 |   0.0 |       3 |       0 |   0.0
        D:3 |      26 |       0 |   0.0 |       6 |       0 |   0.0
        D:4 |      76 |       0 |   0.0 |       5 |       0 |   0.0
            +---------+---------+-------+---------+---------+-------
